 Dungeon Sprint DCSS version 0.28-a0-664-gc179e30c89 (webtiles) character file.

Game seed: 12259082355107204012

4273 iamoutofideas the Sorcerer (level 10, -3/52 HPs)
             Began as a Deep Elf Fire Elementalist on Oct 15, 2021.
             Was an Elder of Vehumet.
             Engulfed by a cloud of steam (19 damage)
             ... in the Dungeon (Sprint III: "The Ten Rune Challenge").
             The game lasted 00:07:57 (1639 turns).

iamoutofideas the Sorcerer (DEFE)                   Turns: 1639, Time: 00:07:58

Health: -3/52      AC:  4    Str:  5    XL:     10   Next: 10%
Magic:  34/39      EV: 13    Int: 24    God:    Vehumet [****..]
Gold:   31         SH:  0    Dex: 17    Spells: 40/55 levels left

rFire   . . .      SeeInvis .   j - staff of conjuration
rCold   . . .      Faith    .   (no shield)
rNeg    . . .      Spirit   .   a - +1 robe
rPois   .          Reflect  .   (no helmet)
rElec   .          Harm     .   (no cloak)
rCorr   .          Rampage  .   (no gloves)
Will    +....      NoTele   +   (no boots)
Stlth   +.........              (no amulet)
HPRegen 0.17/turn               (no ring)
MPRegen 0.26/turn               (no ring)

@: very slow
A: agile 1, sense surroundings 1, shaggy fur 1
a: Renounce Religion


You were in the Dungeon.
You worshipped Vehumet.
Vehumet was greatly pleased with you.
You visited 1 branch You collected 31 gold pieces.

Inventory:

Hand Weapons
 r - a +2 scimitar of flaming
Armour
 a - a +1 robe (worn)
 m - a +0 ring mail
Magical Staves
 j - a staff of conjuration (weapon)
Wands
 i - a wand of digging (5)
 q - a wand of polymorph (4)
Scrolls
 g - a scroll of blinking
 h - a scroll of enchant weapon
 l - a scroll of torment
Potions
 b - 3 potions of curing
 c - a potion of heal wounds
 d - a potion of haste
 e - 2 potions of magic
 f - a potion of berserk rage
 k - 3 potions of mutation
 n - 2 potions of flight
Miscellaneous
 p - a box of beasts


   Skills:
 + Level 1.0 Fighting
 + Level 2.8 Dodging
 - Level 2.5 Stealth
 * Level 23.0 Spellcasting
 + Level 7.5 Conjurations
 + Level 14.9 Fire Magic


You had 40 spell levels left.
You knew the following spells:

 Your Spells              Type           Power      Damage    Failure   Level
a - Foxfire               Conj/Fire      100%       2x1d9     0%          1
b - Scorch                Fire           100%       2d10      0%          2
c - Conjure Flame         Conj/Fire      89%        6-21      1%          3
d - Flame Wave            Conj/Fire      89%        3d15      1%          4
e - Static Discharge      Conj/Air       62%        N/A       1%          2
f - Ignite Poison         Fire/Tmut/Pois 51%        N/A       1%          3

Your spell library contained the following spells:

 Spells                   Type           Power      Damage    Failure   Level
 Iskenderun's Mystic Bla  Conj/Tloc      62%        2d13      1%          4
 Inner Flame              Hex/Fire       59%        N/A       1%          3
 Summon Forest            Summ/Tloc      13%        N/A       36%         5
 Summon Mana Viper        Hex/Summ       27%        N/A       36%         5
 Summon Cactus Giant      Summ           13%        N/A       91%         6


Dungeon Overview and Level Annotations

Branches:
Dungeon (1/1)

Altars:
Cheibriados
Dithmenos
Elyvilon
Fedhas
Gozag
Hepliaklqana
Kikubaaqudgha
Makhleb
Nemelex Xobeh
Okawaru
Qazlal
Ru
Sif Muna
Trog
Uskayaw
Vehumet
Wu Jian
Xom
Yredelemnul
Zin
The Shining One
Beogh
Jiyva
Lugonu


Innate Abilities, Weirdness & Mutations

You are agile. (Dex +2)
You passively map a small area around you.
You are covered in fur. (AC +1)


Message History

(Press . to intensify the flame waves.)
The cane toad barely misses you.
A wave of flame ripples out!
The flame wave engulfs the cane toad!
The cane toad is severely wounded.
The flame wave engulfs the cane toad!!
The cane toad is heavily wounded.
The tree burns like a torch!
The cane toad is engulfed in a cloud of scalding steam.
The cane toad closely misses you.
Unknown command.
A wave of flame ripples out!
The flame wave engulfs the cane toad!
The cane toad is almost dead.
The flame wave engulfs the komodo dragon!
The komodo dragon is moderately wounded.
The flame wave engulfs the cane toad.
The cane toad is severely wounded.
The tree burns like a torch!
You finish channelling waves of flame.
You are engulfed in blazing flames.
You hear a roar!
You hear an angry hiss.
The cane toad is engulfed in a forest fire.
You kill the cane toad!
Vehumet accepts your kill.
Vehumet is now extending the range of your destructive spells.
The cane toad is engulfed in blazing flames.
You kill the cane toad!
Vehumet accepts your kill.
You have reached level 10!
Unknown command.
Casting: Flame Wave (safe; 1% risk of failure)
Confirm with . or Enter, or press ? or * to list all spells.
Okay, then.
You are engulfed in a cloud of scalding steam.
The komodo dragon is engulfed in blazing flames. x2
You kill the komodo dragon!
Vehumet accepts your kill.
You feel your power returning.
Your Fighting skill increases to level 1!
Your Spellcasting skill increases to level 23!
You are engulfed in a cloud of scalding steam.
You die...

###..E+.⌠........#,* ** * +,
###...#...######'# ,* *
##....#.⌠.#__#...#+##############
#.....#...#__#...#..≈§≈'.#))...'.
......#'###__#...#.#§§§#.#.#...##
#.....#)).#__#...'.#§§§#.#.#...#.
##....#___#__+...#.#.§§#...#...##
▓▓▓▓▓▓▓▓▓▓▓▓▓▓▓▓▓▓▓▓▓▓▓▓▓▓▓▓▓▓#.
, , ♣§§§§§@........≈≈≈...## ≈ *,
≈ +§§§§≈§§§≈≈≈≈≈≈≈≈♣♣P.'. ≈ , , ,
#§≈§§§§§§♣♣♣♣♣♣♣♣♣♣PP## * **
#.§§§§§§♣♣ ♣♣♣# ###+♣♣♣♣♣ * ** *
* , , * , * ≈≈ * ≈


There were no monsters in sight!

Vanquished Creatures
  Erica (D)
  A centaur warrior (D)
  A deep elf pyromancer (D)
  2 cane toads (D)
  An unseen horror (D)
  A komodo dragon (D)
  3 wandering mushrooms (D)
  A shadow (D)
  A necrophage (D)
  2 centaurs (D)
  A water elemental (D)
  A jelly (D)
  A wizard (D)
  Jessica (D)
  A necromancer (D)
  3 humans (D)
  A kobold demonologist (D)
  A phantom (D)
  2 endoplasms (D)
  A rat (D)
27 creatures vanquished.

Vanquished Creatures (others)
  74 foxfires (D)
74 creatures vanquished.

Grand Total: 101 creatures vanquished

Notes
Turn   | Place    | Note
-------+----------+-------------------------------------------
     0 | D        | iamoutofideas the Deep Elf Fire Elementalist began the
                  | quest for the Orb.
     0 | D        | Reached XP level 1. HP: 10/10 MP: 6/6
    71 | D        | Noticed Jessica
    76 | D        | Killed Jessica
    77 | D        | Reached skill level 5 in Spellcasting
    77 | D        | Reached XP level 2. HP: 15/15 MP: 5/10
    77 | D        | Reached XP level 3. HP: 19/19 MP: 5/11
   127 | D        | Learned a level 2 spell: Scorch
   131 | D        | Learned a level 3 spell: Conjure Flame
   178 | D        | Reached skill level 6 in Spellcasting
   420 | D        | Gained mutation: You are covered in fur. (AC +1) [potion of
                  | mutation]
   420 | D        | Gained mutation: You passively map a small area around you.
                  | [potion of mutation]
   420 | D        | Gained mutation: You are agile. (Dex +2) [potion of
                  | mutation]
   421 | D        | Noticed a water elemental
   425 | D        | Killed a water elemental
   426 | D        | Reached skill level 8 in Spellcasting
   426 | D        | Reached XP level 4. HP: 24/24 MP: 8/16
   486 | D        | Found a basalt altar of Yredelemnul.
   486 | D        | Found a shadowy altar of Dithmenos.
   486 | D        | Found a sacrificial altar of Ru.
   486 | D        | Noticed a necrophage
   488 | D        | Reached skill level 9 in Spellcasting
   490 | D        | Killed a necrophage
   491 | D        | Reached skill level 11 in Spellcasting
   491 | D        | Reached XP level 5. HP: 26/28 MP: 10/20
   555 | D        | Learned a level 4 spell: Flame Wave
   561 | D        | Found a radiant altar of Vehumet.
   561 | D        | Found a shimmering blue altar of Sif Muna.
   561 | D        | Found an ancient bone altar of Kikubaaqudgha.
   573 | D        | Became a worshipper of Vehumet
   662 | D        | Found a hide-covered altar of Uskayaw.
   662 | D        | Found an iron altar of Okawaru.
   662 | D        | Found a bloodstained altar of Trog.
   662 | D        | Found an ornate altar of the Wu Jian Council.
   662 | D        | Noticed a human
   663 | D        | Noticed a human
   670 | D        | Killed a human
   670 | D        | Killed a human
   671 | D        | Reached skill level 14 in Spellcasting
   671 | D        | Reached skill level 10 in Fire Magic
   671 | D        | Reached XP level 6. HP: 32/32 MP: 7/25
   671 | D        | Reached XP level 7. HP: 36/36 MP: 7/27
   821 | D        | Found a glowing silver altar of Zin.
   821 | D        | Found a glowing golden altar of the Shining One.
   821 | D        | Found a white marble altar of Elyvilon.
   822 | D        | Noticed a deep elf pyromancer
   825 | D        | Killed a deep elf pyromancer
   825 | D        | Reached * piety under Vehumet
   825 | D        | Offered knowledge of Sandblast by Vehumet.
   826 | D        | Reached skill level 16 in Spellcasting
   826 | D        | Reached skill level 5 in Conjurations
   870 | D        | Noticed a shadow
   875 | D        | Killed a shadow
   876 | D        | Reached skill level 17 in Spellcasting
   876 | D        | Reached XP level 8. HP: 41/41 MP: 20/31
   931 | D        | Found a blossoming altar of Fedhas.
   931 | D        | Found a stormy altar of Qazlal.
   931 | D        | Found a snail-covered altar of Cheibriados.
   931 | D        | Found a burning altar of Makhleb.
   931 | D        | Found a shimmering altar of Xom.
   932 | D        | Found a hazy altar of Hepliaklqana.
   932 | D        | Found an opulent altar of Gozag.
   932 | D        | Found a sparkling altar of Nemelex Xobeh.
   932 | D        | Found a corrupted altar of Lugonu.
   932 | D        | Found a viscous altar of Jiyva.
  1053 | D        | Noticed Erica
  1056 | D        | Killed Erica
  1056 | D        | Reached ** piety under Vehumet
  1056 | D        | Offered knowledge of Static Discharge by Vehumet.
  1057 | D        | Reached skill level 19 in Spellcasting
  1102 | D        | Learned a level 2 spell: Static Discharge
  1384 | D        | Noticed a centaur warrior
  1387 | D        | Killed a centaur warrior
  1387 | D        | Offered knowledge of Ignite Poison by Vehumet.
  1388 | D        | Reached skill level 20 in Spellcasting
  1388 | D        | Reached XP level 9. HP: 41/45 MP: 32/35
  1392 | D        | Learned a level 3 spell: Ignite Poison
  1420 | D        | Killed an unseen horror
  1420 | D        | Reached *** piety under Vehumet
  1421 | D        | Reached skill level 21 in Spellcasting
  1535 | D        | Noticed a wandering mushroom
  1539 | D        | Noticed a wandering mushroom
  1556 | D        | Killed a wandering mushroom
  1557 | D        | Noticed a wandering mushroom
  1571 | D        | Killed a wandering mushroom
  1571 | D        | Offered knowledge of Iskenderun's Mystic Blast by Vehumet.
  1579 | D        | Killed a wandering mushroom
  1580 | D        | Reached skill level 22 in Spellcasting
  1634 | D        | Noticed a cane toad
  1634 | D        | Noticed a komodo dragon
  1634 | D        | Noticed a cane toad
  1637 | D        | Killed a cane toad
  1637 | D        | Reached **** piety under Vehumet
  1637 | D        | Killed a cane toad
  1638 | D        | Reached XP level 10. HP: 28/51 MP: 31/38
  1639 | D        | Reached skill level 1 in Fighting
  1639 | D        | Reached skill level 23 in Spellcasting
  1639 | D        | Engulfed by a cloud of steam

Illustrated notes

Levels and vault maps discovered:
D:        dungeon_sprint_mu [sprint_mu_entry_cave, sprint_mu_temple_rooms,
          sprint_mu_d1_horrors, sprint_mu_d2_genie, sprint_mu_d3_branching,
          sprint_mu_orc_legion, sprint_mu_elf_gauntlet, sprint_mu_hive_nellie,
          sprint_mu_lair_fedhas, sprint_mu_vaults_butterflies,
          sprint_mu_slime_circle, sprint_mu_swamp_cave, sprint_mu_snake_twists,
          sprint_mu_blade_basic, sprint_mu_crypt_lich, sprint_mu_tomb_spiral,
          sprint_mu_vestibule_basic, sprint_mu_gehenna_hellfire,
          sprint_mu_dis_giant, sprint_mu_tartarus_statrot,
          sprint_mu_cocytus_islands, sprint_mu_zot1]

Skill      XL: |  1  2  3  4  5  6  7  8  9 10 |
---------------+-------------------------------+-----
Fire Magic     | 6 7 9 10 12 13 14 | 14.9
Spellcasting   | 5 8 11 14 17 20 22 23 | 23.0
Conjurations   | 2 3 4 5 6 7 |  7.5
Fighting       | 1 |  1.0
Dodging        | |  2.8
Stealth        | |  2.5

Action                   |  1- 3 |  4- 6 |  7- 9 | 10-12 || total
-------------------------+-------+-------+-------+-------++-------
Melee: Staff             |       |       |     2 |       ||     2
 Cast: Foxfire           |    13 |     2 |    27 |       ||    42
       Scorch            |     4 |     4 |    11 |       ||    19
       Flame Wave        |       |     2 |     7 |       ||     9
       Conjure Flame     |       |     2 |     1 |       ||     3
  Use: Scroll            |     2 |       |     2 |       ||     4
       Potion            |     1 |       |       |       ||     1
Armor: Robe              |     1 |     2 |     1 |       ||     4
Dodge: Dodged            |     8 |     7 |     5 |       ||    20

Table legend: (Time is in decaauts)
 A = Elapsed time spent in this place.
 B = Non-inter-level travel time spent in this place.
 C = Inter-level travel time spent in this place.
 D = Time resting spent in this place.
 E = Time spent auto-exploring this place.
 F = Levels seen in this place.
 G = Mean time per level.
                   A        B        C        D        E       F      G
               +--------+--------+--------+--------+--------+-----+--------+
         Total |   1648 |   1648 |      0 |   1179 |      4 |   1 | 1648.0 |
       Dungeon |   1648 |   1648 |      0 |   1179 |      4 |   1 | 1648.0 |
               +--------+--------+--------+--------+--------+-----+--------+

Top non-repeatable levels by time:
       D: 1648 daAuts
